 Dungeon Crawl Stone Soup version 0.20.1-1-g8b1a95d (webtiles) character file.

21 Folque the Magician (level 2, 0/19 HPs)
             Began as an Octopode Wizard on Nov 16, 2017.
             Slain by a hobgoblin
             ... wielding a +0 club
              (6 damage)
             ... on level 1 of the Dungeon.
             The game lasted 00:01:28 (633 turns).

Folque the Magician (Octopode Wizard)                Turns: 633, Time: 00:01:28

Health: 0/19       AC:  1    Str:  6    XL:     2   Next: 87%
Magic:  6/6        EV: 13    Int: 20    God:
Gold:   47         SH:  0    Dex: 10    Spells: 6/7 levels left

rFire    . . .     SeeInvis .   g - +0 spear
rCold    . . .     Gourm    .   (no shield)
rNeg     . . .     Faith    .   a - +0 hat
rPois    .         Spirit   .   (no amulet)
rElec    .         Reflect  .   (no ring)
rCorr    .         Harm     .   (no ring)
MR       .....                  (no ring)
Stlth    +++.......             (no ring)
Regen    0.1/turn               (no ring)
MPRegen  0.1/turn               (no ring)
                                (no ring)
                                (no ring)

@: no status effects
A: almost no armour, stealthy swim, amphibious, 8 rings, constrict 8, camouflage
1, gelatinous body 1
a: no special abilities


You were on level 1 of the Dungeon.
You were not hungry.

You visited 1 branch of the dungeon, and saw 1 of its levels.

You collected 47 gold pieces.

Inventory:

Hand Weapons
 e - a +0 club
 g - a +0 spear (weapon)
Armour
 a - a +0 hat (worn)
Jewellery
 j - an uncursed ring of protection from cold {unknown}
Scrolls
 d - a scroll of teleportation {unknown}
 i - a scroll of remove curse {unknown}
Potions
 k - 2 potions of lignification {unknown}
Books
 b - a book of Minor Magic

   Spells                             Type                      Level
   a - Magic Dart                     Conjuration                  1
   b - Blink                          Translocation                2
   c - Call Imp                       Summoning                    2
   d - Slow                           Hexes                        2
   e - Conjure Flame                  Conjuration/Fire             3
   f - Mephitic Cloud                 Conjuration/Poison/Air       3
Comestibles
 c - a bread ration
 f - 5 chunks of flesh
 h - a royal jelly


   Skills:
 * Level 1.8 Fighting
 - Level 2.0 Dodging
 - Level 2.6 Stealth
 + Level 3.3 Spellcasting
 - Level 1.0 Conjurations
   Level 1.0 Summonings
   Level 1.0 Translocations


You had 6 spell levels left.
You knew the following spells:

 Your Spells              Type           Power        Failure   Level  Hunger
a - Magic Dart            Conj           #...         9%          1    None


Dungeon Overview and Level Annotations

Branches:
Dungeon (1/15)

Altars:


Innate Abilities, Weirdness & Mutations

You cannot wear most types of armour.
You are very stealthy in the water. (Stealth+)
You are amphibious.
You can wear up to eight rings at the same time.
You can use your tentacles to constrict eight enemies at once.
Your skin changes colour to match your surroundings (Stealth+).
Your rubbery body absorbs attacks. (AC +1, EV +1)


Message History

You kill the dart slug!
The bat hits you but does no damage. The hobgoblin hits you with a club.
The kobold throws a stone.
The stone hits you but does no damage.
You hit the hobgoblin but do no damage. You grab the hobgoblin.
You constrict the hobgoblin, but do no damage.
The bat hits you. The hobgoblin closely misses you.
You hit the hobgoblin but do no damage.
You constrict the hobgoblin, but do no damage.
The kobold closely misses you.
The hobgoblin hits you but does no damage.
You hit the kobold but do no damage. You grab the kobold.
You squeeze the kobold.
You kill the kobold!
You constrict the hobgoblin. The bat barely misses you. x2
The hobgoblin closely misses you.
You hit the hobgoblin.
The hobgoblin is severely wounded.
You constrict the hobgoblin. The bat hits you. The bat misses you.
The hobgoblin hits you with a club.
You die...

#.... .# ##..# . .!
#.(# #. .# ##.# ..
.. #.. #.#.# #. .#
#.) #.#.## .....
.### #.. #....#
##># #g#g.# #..
#....# #..# #wb@.#
#.. #....## #..#
####.# #..
#.....#.#..# #.#
#.# #.....#.#..#
#.# #.#
#.......#..######.#
#.#
#.#.#.###.........#
#.#
#.#.#......########
#.# #.#.########
#### #.#.# #...


You could see a dart slug, 2 hobgoblins and a bat.

Vanquished Creatures
  3 dart slugs (D:1)
  3 giant cockroaches (D:1)
  2 hobgoblins (D:1)
  3 kobolds (D:1)
  A bat (D:1)
  3 rats (D:1)
15 creatures vanquished.

Notes
Turn   | Place    | Note
-------+----------+-------------------------------------------
     0 | D:1      | Folque the Octopode Wizard began the quest for the Orb.
     0 | D:1      | Reached XP level 1. HP: 11/11 MP: 4/4
   154 | D:1      | Reached skill level 1 in Fighting
   367 | D:1      | Reached XP level 2. HP: 12/18 MP: 6/6
   633 | D:1      | Slain by a hobgoblin

Skill      XL: |  1 |
---------------+----+-----
Fighting       | 1 |  1.8
Dodging        | |  2.0
Stealth        | |  2.6
Spellcasting   | |  3.3
Conjurations   | |  1.0
Summonings     | |  1.0
Translocations | |  1.0

Action                   || total
-------------------------++-------
Melee: Club              ||    11
       Unarmed           ||     7
       Constrict         ||    13
       Tentacles         ||     8
       Spear             ||    36
 Stab: Sleeping          ||     7
Armor: Skin              ||     6
Dodge: Dodged            ||    24
